 Dungeon Crawl Stone Soup version 0.30.2 (webtiles) character file.

Game seed: 17439761652699093139

193 porpoise the Shooter (level 6, -5/47 HPs)
             Began as a Human Hunter on Mar 21, 2024.
             Slain by a lemure (6 damage)
             ... led by Pikel
             ... on level 3 of the Dungeon.
             The game lasted 00:06:25 (3061 turns).

porpoise the Shooter (Human Hunter)                 Turns: 3061, Time: 00:06:26

Health: -5/47      AC:  4    Str: 11    XL:     6   Next: 2%
Magic:  6/6        EV: 12    Int:  9    God:
Gold:   150        SH:  0    Dex: 19    Spells: 5/5 levels left

rFire   . . .        a - +0 shortbow
rCold   . . .        (shield currently unavailable)
rNeg    . . .        c - +0 leather armour
rPois   .            l - +0 helmet
rElec   .            (no cloak)
rCorr   .            (no gloves)
SInv    .            (no boots)
Will    .....        (no amulet)
Stlth   ++           (no ring)
HPRegen 0.27/turn    (no ring)
MPRegen 0.10/turn

%: no passive effects
@: no status effects
A: no striking features
a: no special abilities


You were on level 3 of the Dungeon.
You visited 1 branch of the dungeon, and saw 4 of its levels.

You collected 150 gold pieces.

Inventory:

Hand Weapons
 a - a +0 shortbow (weapon)
 b - a +0 dagger of draining
Missiles
 f - 5 javelins
Armour
 c - a +0 leather armour (worn)
 l - a +0 helmet (worn)
Wands
 m - a wand of charming (5)
 o - a wand of flame (26)
Scrolls
 d - a scroll of immolation
 e - 7 scrolls of identify
 h - a scroll of noise {unknown}
 j - a scroll of teleportation
 k - a scroll of summoning {unknown}
 n - a scroll of enchant weapon {unknown}
Potions
 g - a potion of lignification
 i - 4 potions of mutation
 p - a potion of curing {unknown}


   Skills:
 + Level 3.2 Fighting
 * Level 5.6 Ranged Weapons
 - Level 2.0 Dodging
 + Level 2.9 Stealth


You had 5 spell levels left.
You didn't know any spells.
Your spell library contained the following spells:

 Spells                   Type           Power      Damage    Failure   Level
 Kiss of Death            Conj/Necr      0%         2d5       47%         1
 Confusing Touch          Hex            0%         N/A       85%         3
 Dispel Undead            Necr           0%         3d6       99%         4


Dungeon Overview and Level Annotations

Branches:
Dungeon (4/15)
 Temple: D:4-7

Altars:

Shops:
D:1 (   D:2 =

Annotations:
D:4 Pikel


Message History

You shoot an arrow. The arrow hits the lemure.
The lemure is moderately wounded.
The lemure closely misses you. The lemure misses you.
The lemure barely misses you.
You shoot an arrow. The arrow hits the lemure.
The lemure is moderately wounded.
The lemure hits you. The lemure barely misses you.
You shoot an arrow. The arrow hits the lemure!
The lemure is severely wounded.
The lemure misses you. The lemure closely misses you.
You shoot an arrow. The arrow hits the lemure.
The lemure is severely wounded.
The lemure hits you. x2
The lemure hits you. The lemure misses you.
You climb upwards.
There is a stone staircase leading down here.
You shoot an arrow.
The arrow hits the lemure but does no damage.
The lemure is severely wounded.
The lemure barely misses you. x2; The lemure hits you.
The lemure barely misses you.
You shoot an arrow. The arrow hits the lemure!
The lemure is almost dead.
The lemure closely misses you. The lemure hits you.
You shoot an arrow. The arrow closely misses the lemure.
The lemure hits you. The lemure hits you but does no damage.
You shoot an arrow. The arrow closely misses the lemure.
The lemure barely misses you.
The lemure hits you. x2; The lemure hits you!
* * * LOW HITPOINT WARNING * * *
You are too injured to fight recklessly!
You are too injured to fight recklessly!
You shoot an arrow. The arrow barely misses the lemure.
The lemure hits you.
* * * LOW HITPOINT WARNING * * *
The lemure closely misses you.
You shoot an arrow. The arrow misses the lemure.
The lemure hits you but does no damage. The lemure barely misses you.
You shoot an arrow. The arrow misses the lemure.
The lemure hits you.
* * * LOW HITPOINT WARNING * * *
The lemure hits you.
You die...

..# #.###.##.# #)# #.##.# ..# #.#
#.##.####[######.#..# ..# #.#
#..#...........#.#.)# ..# #.#
##...###.....###.#))# ..# #.#
###.# #.....'...#..#
..###'######.###.....#####.)#
.###..........##.....# #..# .#
#...........+.....# #..# .#
#.........###@5...# #..# .#
#.........# #5##### #..#
####..(......# #.# #######..#
...#.........# #.###.....#..#
...#.........# #.........#..#
...#.........###.##......#..#
............<............'..#
....#.##########.##......#..#
.##.#.##########.##......#..#####


You could see 2 lemures.

Vanquished Creatures
  A hound (D:4)
  A jelly (D:4)
  An orc priest (D:3)
  An adder (D:3)
  2 worms
  2 dart slugs (D:3)
  4 orcs (D:3)
  3 ball pythons
  12 endoplasms
  3 giant cockroaches (D:1)
  10 goblins
  4 hobgoblins
  3 jackals (D:2)
  10 kobolds
  4 quokkas
  3 bats
  7 frilled lizards
  3 rats
74 creatures vanquished.

Notes
Turn   | Place    | Note
-------+----------+-------------------------------------------
     0 | D:1      | porpoise the Human Hunter began the quest for the Orb.
     0 | D:1      | Reached XP level 1. HP: 16/16 MP: 1/1
    40 | D:1      | Reached XP level 2. HP: 22/22 MP: 2/2
   137 | D:1      | Reached XP level 3. HP: 18/27 MP: 3/3
   465 | D:1      | Found Woestriez's Antique Weapon Boutique.
   559 | D:1      | Found a faded altar of an unknown god.
  1117 | D:2      | Found Wueckis's Jewellery Shoppe.
  1148 | D:2      | Reached XP level 4. HP: 34/34 MP: 4/4
  2300 | D:3      | Reached skill level 5 in Ranged Weapons
  2327 | D:3      | Reached XP level 5. HP: 40/40 MP: 5/5
  3041 | D:4      | Reached XP level 6. HP: 47/47 MP: 6/6
  3043 | D:4      | Noticed Pikel
  3061 | D:3      | HP: 1/47 [lemure[Pikel] (6)]
  3061 | D:3      | Slain by a lemure

Illustrated notes

Levels and vault maps discovered:
D:1:      lightli_arrival_windingriver, layout_rooms,
          hellmonk_ecumenical_altar_arch_garden, serial_forest,
          infiniplex_forest_clump_tiny, infiniplex_forest_clump_small,
          infiniplex_forest_end_double, infiniplex_forest_clump_medium,
          infiniplex_forest_straight_5, infiniplex_forest_clump_medium,
          infiniplex_forest_clump_curved, infiniplex_forest_straight_4,
          infiniplex_forest_end_1, serial_shops, shop
D:2:      layout_basic, serial_shops, nicolae_shop_competitors_out_of_business,
          grunt_ministairs_6
D:3:      layout_basic
D:4:      layout_gridville, uniq_pikel

Skill      XL: |  1  2  3  4  5 |
---------------+----------------+-----
Stealth        | 2 |  2.9
Ranged Weapons | 5 |  5.6
Fighting       | 3 |  3.2
Dodging        | |  2.0

Action                     |  1- 3 |  4- 6 || total
---------------------------+-------+-------++-------
  Melee: Short sword       |   181 |       ||   181
         Punch             |    11 |       ||    11
   Fire: Shortbow          |    78 |    94 ||   172
    Use: Scroll            |       |     3 ||     3
 Armour: Leather armour    |     6 |     7 ||    13
  Dodge: Dodged            |    16 |    28 ||    44
